 Dungeon Crawl Stone Soup version 0.32-a0-779-g362cfcae2a (webtiles) character file.

Game seed: 214807763762150665

976 ragingrage the Cutter (level 8, -2/42 HPs)
             Began as a Vine Stalker Delver on Mar 20, 2024.
             Was an Initiate of Gozag.
             Engulfed by a steam dragon's steam (5 damage)
             ... on level 5 of the Dungeon.
             The game lasted 00:05:35 (4320 turns).

ragingrage the Cutter (Vine Stalker Delver)         Turns: 4320, Time: 00:05:35

Health: -2/42      AC:  6    Str: 14    XL:     8   Next: 16%
Magic:  0/9        EV: 12    Int: 16    God:    Gozag
Gold:   311        SH:  0    Dex: 19    Spells: 7/7 levels left

rFire   . . .        a - +0 short sword
rCold   . . .        (no shield)
rNeg    . . .        b - +0 leather armour
rPois   .            (no helmet)
rElec   .            (no cloak)
rCorr   .            (no gloves)
SInv    .            l - +2 pair of boots
Will    +....        (no amulet)
Stlth   +++          h - +6 ring of intelligence
HPRegen 1.07/turn    p - ring of flight
MPRegen 0.11/turn

%: guardian spirit
@: flying
A: fangs 3, regeneration 1, magic shield, antimagic bite, no potion heal 2
a: Renounce Religion, Potion Petition, Call Merchant, Bribe Branch


You were on level 5 of the Dungeon.
You worshipped Gozag.
Gozag was aware of your devotion.
You visited 1 branch of the dungeon, and saw 6 of its levels.

You collected 427 gold pieces.
You paid 116 gold pieces to Gozag.

Inventory:

Hand Weapons
 a - a +0 short sword (weapon)
 i - a +0 dagger
 k - a +0 rapier
Missiles
 o - 3 poisoned darts (quivered)
Armour
 b - a +0 leather armour (worn)
 l - a +2 pair of boots (worn)
Jewellery
 h - a +6 ring of intelligence (left hand)
 p - a ring of flight (right hand)
 x - a ring of fire
Wands
 g - a wand of digging (3)
Scrolls
 c - a scroll of fog
 d - a scroll of revelation
 e - 4 scrolls of fear
 j - a scroll of enchant weapon {unknown}
 m - 3 scrolls of teleportation
 t - 2 scrolls of blinking
Potions
 f - a potion of haste
 n - a potion of curing {unknown}
 r - a potion of lignification {unknown}
 s - a potion of experience {unknown}
 u - 2 potions of heal wounds {unknown}
 v - a potion of ambrosia {unknown}
 w - a potion of brilliance {unknown}
 z - 2 potions of invisibility {unknown}
 A - a potion of magic {unknown}


   Skills:
 + Level 3.9 Fighting
 + Level 7.5 Short Blades
 + Level 3.0 Dodging
 - Level 6.0 Stealth


You had 7 spell levels left.
You didn't know any spells.
Your spell library contained the following spells:

 Spells                   Type           Power      Damage    Failure   Level
 Shock                    Conj/Air       0%         1d3       32%         1
 Swiftness                Air            0%         N/A       67%         3
 Airstrike                Air            0%         2d(0-16)  97%         4


Dungeon Overview and Level Annotations

Branches:
Dungeon (6/15)             Temple (0/1) D:4

Altars:
Ashenzari
Gozag
Hepliaklqana
Ru
Sif Muna
Uskayaw
Xom

Annotations:
D:4 exclusion: downstairs
D:5 exclusions: bombardier beetle and downstairs


Innate Abilities, Weirdness & Mutations

You have razor-sharp teeth.
Your natural rate of healing is unusually fast.
When hurt, damage is shared between your health and your magic reserves.
Your bite disrupts and absorbs the magic of your enemies.
Potions cannot restore your health.


Message History

You are engulfed in a cloud of scalding steam.
The steam dragon misses you. The steam dragon barely misses you.
You hit the steam dragon.
You bite the steam dragon, but do no damage.
You are engulfed in a cloud of scalding steam.
The steam dragon closely misses you. The steam dragon barely misses you.
You hit the steam dragon but do no damage.
Your bite misses the steam dragon. You barely miss the steam dragon.
Your bite misses the steam dragon. The steam dragon breathes steam at you.
The ball of steam hits you!
You closely miss the steam dragon. Your bite misses the steam dragon.
You are engulfed in a cloud of scalding steam.
* * * LOW HITPOINT WARNING * * *
You hit the steam dragon. You bite the steam dragon. You drain its power.
You feel invigorated.
You are engulfed in a cloud of scalding steam.
* * * LOW HITPOINT WARNING * * *
The steam dragon barely misses you. The steam dragon misses you.
Okay, then.
You hit the steam dragon. The steam dragon breathes steam at you.
The ball of steam misses you.
You closely miss the steam dragon.
You are engulfed in a cloud of scalding steam.
* * * LOW HITPOINT WARNING * * *
You hit the steam dragon.
You are engulfed in a cloud of scalding steam.
* * * LOW HITPOINT WARNING * * *
The steam dragon closely misses you. The steam dragon completely misses you.
You closely miss the steam dragon.
You bite the steam dragon, but do no damage.
You are engulfed in a cloud of scalding steam.
* * * LOW HITPOINT WARNING * * *
The steam dragon barely misses you. The steam dragon claws you.
* * * LOW HITPOINT WARNING * * *
You hit the steam dragon.
You are engulfed in a cloud of scalding steam.
You die...
Your body crumbles into a pile of gold.

......###..(..## #.......##
.......####..(# #........#
........# ##..######
#.?......#
........####D§.....#
#........#
.........##.§.§....## #......#
.......#....§§......####.....#
......##......##......##....##
......##~^..~.#)D........####
......##P.~..^#)@[..##.....#
.....#.#P.P.P##§)...####.....#
...##..##PP.~#.§§§..# ####....
#### ...#...P#..§§..# ##..
...##..≈#..§...# #
#####...#.....## #..~#....##
#~.)#....# #.P#####.. ......


You could see a steam dragon.

Vanquished Creatures
  A steam dragon (D:5)
  A water moccasin (D:5)
  3 phantoms (D:4)
  A howler monkey (D:4)
  2 orc priests (D:4)
  2 jellies (D:4)
  An iguana (D:4)
  2 orc wizards
  A hound zombie (D:2)
  6 gnolls
  8 adders
  A white imp (D:3)
  2 adder skeletons (D:2)
  3 adder zombies (D:2)
  4 ribbon worms
  3 dart slugs
  10 orcs
  A bat zombie (D:2)
  9 endoplasms
  7 goblins
  9 hobgoblins
  3 jackals (D:3)
  2 quokkas (D:1)
  6 ball pythons
  2 ball python skeletons (D:2)
  3 ball python zombies (D:2)
  6 bats
  4 frilled lizards
  A jackal skeleton (D:2)
  14 kobolds
  A quokka skeleton (D:2)
  4 rats
123 creatures vanquished.

Notes
Turn   | Place    | Note
-------+----------+-------------------------------------------
     0 | D:5      | ragingrage the Vine Stalker Delver began the quest for the
                  | Orb.
     0 | D:5      | Reached XP level 1. HP: 11/11 MP: 2/2
     1 | D:6      | Noticed a black bear
    34 | D:5      | Noticed a steam dragon
    68 | D:5      | Killed a steam dragon
    69 | D:5      | Reached skill level 4 in Short Blades
    69 | D:5      | Reached XP level 2. HP: 13/16 MP: 1/3
    69 | D:5      | Reached XP level 3. HP: 16/19 MP: 1/4
    69 | D:5      | Reached XP level 4. HP: 19/23 MP: 1/5
    69 | D:5      | Reached XP level 5. HP: 23/27 MP: 1/6
    96 | D:5      | HP: 1/27 [gnoll/+0 flail (9)]
   173 | D:5      | Noticed a water moccasin
   188 | D:5      | Killed a water moccasin
   189 | D:5      | Reached skill level 5 in Short Blades
   189 | D:5      | Reached XP level 6. HP: 24/32 MP: 7/7
   361 | D:4      | Reached skill level 6 in Short Blades
   379 | D:4      | Found a shimmering altar of Xom.
   720 | D:2      | Found an opulent altar of Gozag.
   842 | D:2      | Reached XP level 7. HP: 35/35 MP: 8/8
  2606 | D:3      | Reached skill level 7 in Short Blades
  3061 | D:2      | Became a worshipper of Gozag Ym Sagoz the Greedy
  3416 | D:4      | Found a hazy altar of Hepliaklqana.
  3528 | D:4      | Found a staircase to the Ecumenical Temple.
  3882 | D:4      | Gained mutation: You have razor-sharp teeth. [Vine Stalker
                  | growth]
  3882 | D:4      | Reached XP level 8. HP: 33/42 MP: 5/9
  4101 | D:4      | Found a shimmering blue altar of Sif Muna.
  4103 | D:4      | Found a broken altar of Ashenzari.
  4103 | D:4      | Found a hide-covered altar of Uskayaw.
  4106 | D:4      | Found a sacrificial altar of Ru.
  4320 | D:5      | Engulfed by a steam dragon's steam

Illustrated notes

Levels and vault maps discovered:
D:1:      mushboom_english_gardens, layout_loops_ring
D:2:      layout_loops_corners, serial_undead, serial_undead_a, serial_undead_a,
          serial_undead_a, serial_undead_c, serial_undead_f, serial_undead_d,
          basic_altar
D:3:      layout_basic
D:4:      layout_basic, amcnicky_altar_gilded, nicolae_hepliaklqana_hippocampus,
          minitemple, minmay_temple_entry_wispy
D:5:      kennysheep_steamy, layout_cave_pods, nicolae_overflow_hidden_temple,
          uniq_pikel, uniq_duvessa
D:6:      layout_cave_pools, item_on_display_a

Skill      XL: |  1  2  3  4  5  6  7  8 |
---------------+-------------------------+-----
Short Blades   | 4 5 6 7 |  7.5
Fighting       | 3 |  3.9
Dodging        | 2 3 |  3.0
Stealth        | |  6.0

Action                     |  1- 3 |  4- 6 |  7- 9 || total
---------------------------+-------+-------+-------++-------
  Melee: Short sword       |     3 |    77 |   326 ||   406
         Bite              |     1 |    25 |    98 ||   124
  Throw: Dart              |       |       |     3 ||     3
  Evoke: Wand              |     6 |     8 |       ||    14
    Use: Scroll            |       |       |     5 ||     5
   Stab: Paralysed         |     3 |     3 |       ||     6
         Sleeping          |       |     4 |    30 ||    34
 Armour: Leather armour    |     2 |    32 |   143 ||   177
  Dodge: Dodged            |     3 |    25 |   161 ||   189

Table legend: (Time is in decaauts)
 A = Elapsed time spent in this place.
 B = Non-inter-level travel time spent in this place.
 C = Inter-level travel time spent in this place.
 D = Time resting spent in this place.
 E = Time spent auto-exploring this place.
 F = Levels seen in this place.
 G = Mean time per level.
                   A        B        C        D        E       F      G
               +--------+--------+--------+--------+--------+-----+--------+
         Total |   4181 |   3915 |    266 |    255 |   2618 |   6 |  696.8 |
       Dungeon |   4181 |   3915 |    266 |    255 |   2618 |   6 |  696.8 |
               +--------+--------+--------+--------+--------+-----+--------+

Top non-repeatable levels by time:
     D:4: 1229 daAuts
     D:3: 1042 daAuts
     D:2: 934 daAuts
     D:1: 669 daAuts
     D:5: 302 daAuts
     D:6: 3 daAuts
